 Dungeon Crawl Stone Soup version 0.25-a0-670-g50981ef59b (webtiles) character file.

Game seed: 14257604758144793915, levelgen mode: deterministic

16 Error4North the Firebug (level 2, 0/26 HPs)
             Began as an Ogre Fire Elementalist on Mar 29, 2020.
             Slain by a jackal (1 damage)
             ... on level 1 of the Dungeon.
             The game lasted 00:05:13 (615 turns).

Error4North the Firebug (Ogre Fire Elementalist)     Turns: 615, Time: 00:05:13

Health: 0/26       AC:  3    Str: 11    XL:     2   Next: 54%
Magic:  3/5        EV: 10    Int: 16    God:
Gold:   30         SH:  0    Dex:  9    Spells: 5/6 levels left

rFire    . . .     SeeInvis .   (no weapon)
rCold    . . .     Gourm    .   (no shield)
rNeg     . . .     Faith    .   a - +0 robe
rPois    .         Spirit   .   (helmet restricted)
rElec    .         Reflect  .   (no cloak)
rCorr    .         Harm     .   (gloves unavailable)
MR       .....                  (boots unavailable)
Stlth    +.........             (no amulet)
HPRegen  0.08/turn              (no ring)
MPRegen  0.09/turn              (no ring)

@: no status effects
A: large, unfitting armour, tough skin 1
a: no special abilities


You were on level 1 of the Dungeon.
You were not hungry.

You visited 1 branch of the dungeon, and saw 1 of its levels.

You collected 30 gold pieces.

Inventory:

Armour
 a - a +0 robe (worn)
Scrolls
 f - a scroll of identify {unknown}
 g - a scroll of enchant weapon {unknown}
 h - a scroll of immolation {unknown}
Potions
 b - a potion of berserk rage {unknown}
 d - a potion of might {unknown}
 e - a potion of magic {unknown}
 i - a potion of degeneration {unknown}
 j - a potion of curing {unknown}
Comestibles
 c - 3 rations


   Skills:
 + Level 0.8 Fighting
 * Level 1.7 Dodging
 + Level 1.4 Stealth
 + Level 0.3 Unarmed Combat
 * Level 2.8 Spellcasting
 * Level 0.8 Conjurations
 * Level 3.0 Fire Magic


You had 5 spell levels left.
You knew the following spells:

 Your Spells              Type           Power        Failure   Level  Hunger
a - Foxfire               Conj/Fire      #...         9%          1    #......

Your spell library contained the following spells:

 Spells                   Type           Power        Failure   Level  Hunger
 Conjure Flame            Conj/Fire      #.......     26%         3    ###....
 Inner Flame              Hex/Fire       #.......     30%         3    ###....
 Sticky Flame             Conj/Fire      #.......     63%         4    #####..
 Fireball                 Conj/Fire      #.........   93%         5    ######.


Dungeon Overview and Level Annotations

Branches:
Dungeon (1/15)

Altars:


Innate Abilities, Weirdness & Mutations

You are too large for most types of armour.
You have tough skin. (AC +1)


Message History

The jackal barely misses you. The leopard gecko bites you.
* * * LOW HITPOINT WARNING * * *
The jackal barely misses you. The leopard gecko bites you.
* * * LOW HITPOINT WARNING * * *
The jackal barely misses you. The jackal barely misses you.
The jackal closely misses you. The leopard gecko bites you.
* * * LOW HITPOINT WARNING * * *
The jackal barely misses you.
The jackal bites you but does no damage.
The jackal barely misses you.
The jackal bites you but does no damage.
The jackal misses you.
Casting: Foxfire (safe; 9% risk of failure)
Confirm with . or Enter, or press ? or * to list all spells.
You conjure some foxfire!
The jackal closely misses you. The jackal bites you.
You die...

#............##........##......
##...........##........##..##..
####.......)...##........##..##..
.........................##......
.........................##......
.##......................##.(....
..#.#>.....#..........###########
..#.#......#...hhv....#
..#.#......#..lh@v....#
..#'#......#.......####
...........#.......#
...)..#########....# ......#
#....# ......# #....# ......#
#....# ...)..# #....# ......#
#....#


You could see a leopard gecko and 3 jackals.

Vanquished Creatures
  2 bats (D:1)
  A giant cockroach (D:1)
  4 goblins (D:1)
  A hobgoblin (D:1)
  2 jackals (D:1)
  A kobold (D:1)
  2 rats (D:1)
13 creatures vanquished.

Vanquished Creatures (others)
  33 foxfires (D:1)
33 creatures vanquished.

Grand Total: 46 creatures vanquished

Notes
Turn   | Place    | Note
-------+----------+-------------------------------------------
     0 | D:1      | Error4North the Ogre Fire Elementalist began the quest for
                  | the Orb.
     0 | D:1      | Reached XP level 1. HP: 16/16 MP: 3/3
   168 | D:1      | Reached XP level 2. HP: 17/26 MP: 0/5
   411 | D:1      | Reached skill level 3 in Fire Magic
   611 | D:1      | HP: 1/26 [leopard gecko (2)]
   615 | D:1      | Slain by a jackal

Levels and vault maps discovered:
D:1:      dpeg_arrival_boxorama, layout_basic, minmay_tiny_reverse_x

Skill      XL: |  1  2 |
---------------+-------+-----
Fire Magic     | 3 |  3.0
Fighting       | |  0.8
Dodging        | |  1.7
Stealth        | |  1.4
Unarmed Combat | |  0.3
Spellcasting   | |  2.8
Conjurations   | |  0.8

Action                   || total
-------------------------++-------
Melee: Unarmed           ||    49
 Cast: Foxfire           ||    20
Armor: Robe              ||    24
Dodge: Dodged            ||    43

Table legend:
 A = Non-vault XP
 B = Vault XP
 C = Vault XP percentage of total XP
 D = Non-vault monster count
 E = Vault monster count
 F = Vault count percentage of total count
                 A         B        C        D         E       F
            +---------+---------+-------+---------+---------+-------
      Total |      21 |       2 |   8.7 |      12 |       1 |   7.7
            +---------+---------+-------+---------+---------+-------
        D:1 |      21 |       2 |   8.7 |      12 |       1 |   7.7
            +---------+---------+-------+---------+---------+-------
